 Dungeon Crawl Stone Soup version 0.30.1-9-gdf580d7c3d (webtiles) character file.

Game seed: 7844766784841399977

325 Ivernyr the Shield-Bearer (level 6, -1/49 HPs)
             Began as a Formicid Fighter on Oct 7, 2023.
             Slain by a killer bee (3 damage)
             ... on level 4 of the Dungeon.
             The game lasted 00:07:41 (2987 turns).

Ivernyr the Shield-Bearer (Formicid Fighter)        Turns: 2987, Time: 00:07:42

Health: -1/49      AC:  7    Str: 29    XL:     6   Next: 78%
Magic:  6/6        EV: 10    Int:  7    God:
Gold:   170        SH:  5    Dex: 13    Spells: 5/5 levels left

rFire   . . .        a - +0 war axe
rCold   . . .        c - +0 buckler
rNeg    . . .        b - +0 scale mail
rPois   .            (helmet unavailable)
rElec   .            (no cloak)
rCorr   .            (no gloves)
SInv    +            (no boots)
Will    .....        (no amulet) Stlth
                     m - +6 ring of strength
HPRegen 0.28/turn    (no ring)
MPRegen 0.10/turn

%: no passive effects
@: lethally poisoned (-1 -> -5)
A: permanent stasis, dig shafts and tunnels, antennae 3, four strong arms
a: Dig, Shaft Self


You were on level 4 of the Dungeon.
You visited 1 branch of the dungeon, and saw 4 of its levels.

You collected 170 gold pieces.

Inventory:

Hand Weapons
 a - a +0 war axe (weapon)
Armour
 b - a +0 scale mail (worn)
 c - a +0 buckler (worn)
Jewellery
 m - a +6 ring of strength (left hand)
Scrolls
 e - 3 scrolls of magic mapping {unknown}
 f - 5 scrolls of immolation {unknown}
 g - a scroll of enchant weapon {unknown}
 h - 4 scrolls of identify {unknown}
 i - a scroll of poison {unknown}
 j - a scroll of acquirement {unknown}
 l - a scroll of vulnerability {unknown}
 n - a scroll of blinking {unknown}
 r - 2 scrolls of teleportation {unknown}
Potions
 d - a potion of might
 k - a potion of mutation {unknown}
 o - a potion of berserk rage {unknown}
 p - a potion of degeneration {unknown}
 q - a potion of heal wounds
 s - a potion of curing {unknown}


   Skills:
 + Level 4.4 Fighting
 * Level 4.4 Axes
 + Level 4.5 Armour
 + Level 5.4 Shields


You had 5 spell levels left.
You didn't know any spells.
Your spell library contained the following spells:

 Spells                   Type           Power      Damage    Failure   Level
 Apportation              Tloc           0%         N/A       73%         1
 Necrotise                Necr           0%         1d4       73%         1
 Slow                     Hex            0%         N/A       73%         1
 Summon Small Mammal      Summ           0%         N/A       73%         1
 Confusing Touch          Hex            0%         N/A       97%         3
 Ozocubu's Armour         Ice            0%         N/A       97%         3
 Vampiric Draining        Necr           0%         2d6       97%         3
 Metabolic Englaciation   Hex/Ice        0%         N/A       100%        5
 Simulacrum               Ice/Necr       0%         N/A       100%        6


Dungeon Overview and Level Annotations

Branches:
Dungeon (4/15)
 Temple: D:4-7

Altars:
Hepliaklqana
Ru


Innate Abilities, Weirdness & Mutations

You cannot be hasted, slowed, berserked, paralysed or teleported.
You can dig through walls and to a lower floor.
You have a pair of large antennae on your head. (SInv)
Your four strong arms can wield two-handed weapons with a shield.


Message History

The killer bee barely misses you. The killer bee misses you.
The killer bee barely misses you.
You closely miss the killer bee.
You feel sick. You block the killer bee's attack.
The killer bee closely misses you.
You miss the killer bee.
You feel sick. The killer bee misses you. The killer bee stings you.
You are more poisoned.
The killer bee poisons you!
The killer bee stings you but does no damage.
You hit the killer bee.
The killer bee is lightly wounded.
You feel very sick. The killer bee barely misses you.
The killer bee stings you.
You are more poisoned.
The killer bee poisons you!
You closely miss the killer bee.
The killer bee is lightly wounded.
You feel very sick. The killer bee barely misses you.
You block the killer bee's attack.
The killer bee stings you but does no damage.
You miss the killer bee.
The killer bee is lightly wounded.
* * * LOW HITPOINT WARNING * * *
You feel very sick. The killer bee barely misses you.
The killer bee stings you but does no damage.
You miss the killer bee.
The killer bee is lightly wounded.
You feel very sick.
The killer bee stings you but does no damage. x2
You block the killer bee's attack.
You closely miss the killer bee.
You feel very sick. The killer bee closely misses you.
The killer bee stings you.
* * * LOW HITPOINT WARNING * * *
You slash the killer bee!
The killer bee is heavily wounded.
* * * LOW HITPOINT WARNING * * *
You feel sick. The killer bee stings you.
You die...

######### ........#
##.....#########
#.....yyy@.....#
####.....y#######.#
#.........# #.#
###..#.##y### #.#
..........# #.#
..........# #.#
..#####...# #.#
..#~bb#...# #.#
..#~~~#...# #.#


You could see 4 killer bees.

Vanquished Creatures
  A water moccasin (D:3)
  A hound (D:4)
  An orc wizard (D:3)
  9 adders
  A worm (D:3)
  2 dart slugs
  7 orcs (D:3)
  11 ball pythons
  12 bats
  5 endoplasms
  4 giant cockroaches
  3 goblins
  6 hobgoblins
  A jackal (D:3)
  3 quokkas
  A frilled lizard (D:1)
  6 kobolds
  10 rats
84 creatures vanquished.

Notes
Turn   | Place    | Note
-------+----------+-------------------------------------------
     0 | D:1      | Ivernyr the Formicid Fighter began the quest for the Orb.
     0 | D:1      | Reached XP level 1. HP: 18/18 MP: 1/1
    73 | D:1      | Reached XP level 2. HP: 24/24 MP: 2/2
   112 | D:1      | Found a faded altar of an unknown god.
   292 | D:1      | Reached XP level 3. HP: 27/29 MP: 3/3
   847 | D:2      | Reached XP level 4. HP: 19/37 MP: 4/4
  1463 | D:3      | Found a hazy altar of Hepliaklqana.
  1708 | D:3      | Noticed a water moccasin
  1726 | D:3      | Killed a water moccasin
  1727 | D:3      | Reached skill level 5 in Shields
  1727 | D:3      | Reached XP level 5. HP: 19/42 MP: 5/5
  1914 | D:3      | Reached XP level 6. HP: 48/48 MP: 6/6
  2168 | D:3      | Found a sacrificial altar of Ru.
  2987 | D:4      | HP: 2/49 [poisoned by a killer bee]
  2987 | D:4      | Slain by a killer bee

Illustrated notes

Levels and vault maps discovered:
D:1:      scummos_arrival_star, layout_basic, nicolae_ecumenical_snake_handling
D:2:      minmay_general_purpose_star, layout_loops_cross, minmay_bisected
D:3:      wad_crossroads, layout_basic, nicolae_ru_great_annihilating_truth,
          amcnicky_altar_gilded, st_stairs_11, minmay_misc_feat_encased
D:4:      layout_loops_ring, nicolae_ossuary_entry_giza, serial_aquarium,
          aquarium_bridge_straight [aquarium_subvault_bridge,
          aquarium_subvault_window, aquarium_subvault_bridge,
          aquarium_subvault_window], aquarium_bridge_square
          [aquarium_subvault_bridge, aquarium_subvault_balcony,
          aquarium_subvault_bridge, aquarium_subvault_bridge],
          aquarium_window_2, aquarium_window_fake, aquarium_view_2e,
          aquarium_view_2f, aquarium_balcony_double_3, aquarium_pool_2

Skill      XL: |  1  2  3  4  5  6 |
---------------+-------------------+-----
Axes           | 3 4 |  4.4
Fighting       | 4 |  4.4
Armour         | 4 |  4.5
Shields        | 5 |  5.4

Action                     |  1- 3 |  4- 6 || total
---------------------------+-------+-------++-------
  Melee: War axe           |   108 |   168 ||   276
    Use: Potion            |       |     3 ||     3
 Armour: Scale mail        |    74 |    67 ||   141
  Dodge: Dodged            |    72 |    97 ||   169
  Block: Buckler           |    31 |    62 ||    93
